 Dungeon Crawl Stone Soup version 0.17-a0-1562-g9b2c768 (webtiles) character file.

46 volk64 the Grave Robber (level 3, -1/24 HPs)
             Began as a Mummy Necromancer on July 20, 2015.
             Slain by a worm (8 damage)
             ... on level 2 of the Dungeon.
             The game lasted 00:10:13 (1538 turns).

volk64 the Grave Robber (Mummy Necromancer)         Turns: 1538, Time: 00:10:13

Health: -1/24      AC:  3    Str: 11    XL:     3   Next: 44%
Magic:  4/6        EV: 12    Int: 15    God:
Gold:   41         SH:  0    Dex: 12    Spells: 3 memorised, 2 levels left

rFire  x x .     SeeInvis .     h - +0 mace (crush)
rCold  + + .     Clarity  .     a - +0 robe
rNeg   + + +     SustAt   .     (no shield)
rPois  ∞         Gourm    .     (no helmet)
rElec  .         Spirit   .     (no cloak)
rCorr  .         Warding  .     (no gloves)
rMut   .         Stasis   .     g - +0 pair of boots
MR     .....                    (no amulet)
Stlth  ++........               (no ring)
                                c - ring of ice

@: not resistant to hostile enchantments, unstealthy
A: no food or potions, fire vulnerability, cold resistance 1, negative energy
resistance 3, torment resistance, unbreathing
a: no special abilities


You were on level 2 of the Dungeon.
You were not hungry.

You visited 1 branch of the dungeon, and saw 2 of its levels.

You collected 41 gold pieces.

Inventory:

Hand weapons
 d - a +0 mace
 h - a +0 mace of crushing (weapon)
Armour
 a - a +0 robe (worn)
 g - a +0 pair of boots (worn)
Jewellery
 c - a ring of ice (left hand)
Scrolls
 e - a scroll of immolation
 f - a scroll of magic mapping {unknown}
 i - a scroll of enchant weapon {unknown}
Books
 b - a book of Necromancy

   Spells                             Type                      Level
   a - Pain                           Necromancy                   1
   b - Animate Skeleton               Necromancy                   1
   c - Vampiric Draining              Necromancy                   3
   d - Regeneration                   Charms/Necromancy            3
   e - Animate Dead                   Necromancy                   4
   f - Control Undead                 Necromancy                   4


   Skills:
 + Level 0.2 Fighting
 + Level 0.1 Maces & Flails
 + Level 1.8 Dodging
 + Level 1.5 Stealth
 + Level 2.6 Spellcasting
 + Level 4.6 Necromancy


You had 2 spell levels left.
You knew the following spells:

 Your Spells              Type           Power        Failure   Level  Hunger
a - Pain                  Necr           ###.         3%          1    N/A
b - Animate Skeleton      Necr           N/A          3%          1    N/A
c - Vampiric Draining     Necr           ###.......   12%         3    N/A

Dungeon Overview and Level Annotations

Branches:
Dungeon (2/15)

Altars:


Innate Abilities, Weirdness & Mutations

You do not eat or drink.
Your flesh is vulnerable to fire.
You are immune to poison.
Your flesh is cold resistant.
You are immune to negative energy.
You are immune to unholy pain and torment.
You can survive without breathing.


Message History

Your surroundings suddenly seem different.
A worm comes into view.
A worm is nearby!
You hit the worm.
The worm is moderately wounded.
The worm bites you!
* * * LOW HITPOINT WARNING * * *
You are too injured to fight recklessly!
You are too injured to fight recklessly!
You are too injured to fight recklessly!
You are too injured to fight recklessly!
You are too injured to fight recklessly!
You are too injured to fight recklessly!
You are too injured to fight recklessly!
You are too injured to fight recklessly!
You are too injured to fight recklessly!
You hit the worm.
The worm is heavily wounded.
The worm bites you!
You die...

#...# #.# #..... ###
##+## #†# #..... #<#
##.######.####..... #%#
.............####Z #.#
#).#.........# #. #.#
#..#.........# #. #.#
#..#.........# #. ###.#
#..########### #. #...#
#@....... +. #.###
#w####.... #. #.######.#
#....# #. #.#....#.#
#....# ## #.#....#.#
#....# #.#....#.# #....#
#.#....#.. +....#
#.#....######....########
#.'....')........%.......


You could see a worm.

Vanquished Creatures
  An adder (D:2)
  An ooze (D:1)
  A giant gecko (D:2)
  A bat (D:1)
  3 giant cockroaches
  2 goblins (D:1)
  2 hobgoblins (D:1)
  3 jackals
  6 kobolds
  3 giant newts (D:1)
  5 rats
28 creatures vanquished.

Vanquished Creatures (collateral kills)
  2 jackals (D:2)
  A bat (D:1)
  A giant newt (D:2)
4 creatures vanquished.

Grand Total: 32 creatures vanquished

Notes
Turn   | Place    | Note
--------------------------------------------------------------
     0 | D:1      | volk64 the Mummy Necromancer began the quest for the Orb.
     0 | D:1      | Reached XP level 1. HP: 13/13 MP: 3/3
    80 | D:1      | Learned a level 1 spell: Animate Skeleton
   506 | D:1      | Reached XP level 2. HP: 19/19 MP: 0/5
  1280 | D:2      | Reached XP level 3. HP: 20/24 MP: 6/6
  1295 | D:2      | Learned a level 3 spell: Vampiric Draining
  1538 | D:2      | Slain by a worm

Vault maps used:
D:1:      ncdulo_watergridlock
D:2:      elyvilon_altar_4, minmay_misc_feat_alley, lemuel_statue_altar

Action                   || total
-------------------------++-------
Melee: Mace              ||    76
 Cast: Pain              ||    26
       Animate Skeleton  ||    12
       Vampiric Draining ||     2
  Use: Scroll            ||     3
 Stab: Sleeping          ||     2
